Map: Terraform LE (Void)

Players

FeaR - Winner!

  • Race: Protoss Protoss
  • League: Grandmaster

GraVe

  • Race: Protoss Protoss
  • League: Master

Event: Lycan League Weekly August #3

VOD

Have the link to the VOD?

Description

Time

  • Played on: Aug. 17, 2015, 12:17 p.m.
  • Length: 9:47
Show
View Real Time Build Order
Export as new Build Order

FeaR Protoss - Winner!

Build Orders: Oracle Opening 

Get SALT Encoding   

  13  0:11  Pylon  
  12  0:15  Probe  
  13  0:27  Probe (Chrono Boost)  
  14  0:39  Probe (Chrono Boost)  
  15  0:44  Gateway  
  15  0:45  Probe (Chrono Boost), Assimilator  
  16  0:51  Assimilator  
  16  0:56  Probe (Chrono Boost)  
  17  1:08  Probe (Chrono Boost)  
  18  1:14  Pylon  
  18  1:17  Probe (Chrono Boost)  
  19  1:25  Probe  
  19  1:31  Cybernetics Core  
  20  1:38  Probe (Chrono Boost)  
  21  1:42  Gateway  
  21  1:50  Probe (Chrono Boost)  
  22  1:58  Probe (Chrono Boost)  
  23  2:08  Adept, Warp Gate  
  25  2:14  Mothership Core (Chrono Boost)  
  27  2:22  Pylon  
  27  2:29  Adept  
  29  2:40  Adept  
  29  2:43  Gateway  
  31  2:56  Adept, Pylon  
  33  3:05  Stargate  
  33  3:09  Adept  
  33  3:12  Probe  
  36  3:21  Pylon  
  36  3:24  Probe  
  33  3:36  Probe  
  33  3:48  Oracle (Chrono Boost)  
  33  3:49  Probe  
  37  4:01  Probe  
  38  4:08  Gateway  
  38  4:15  Stalker x2  
  42  4:20  Stalker  
  39  4:47  Stalker x3  
  37  5:11  Probe (Chrono Boost)  
  32  5:17  Twilight Council  
  32  5:23  Probe (Chrono Boost)  
  33  5:29  Probe (Chrono Boost)  
  33  5:34  Stalker  
  36  5:36  Stalker  
  36  5:40  Probe  
  39  5:54  Blink (Chrono Boost)  
  39  6:00  Stalker  
  41  6:07  Stalker  
  43  6:14  Stalker  
  45  6:29  Stalker x2  
  49  6:38  Stalker  
  51  6:49  Stalker  
  53  6:59  Pylon  
  51  7:12  Stalker x2  
  51  7:14  Probe  
  51  7:26  Probe  
  51  7:28  Stalker  
  54  7:38  Probe  
  55  7:50  Probe  
  54  7:52  Stalker x2  
  50  8:06  Stalker  
  50  8:08  Stalker  
  46  8:23  Stalker  
  44  8:30  Stalker  
  46  8:36  Stalker  
  38  8:44  Stalker  
  37  8:59  Stalker  
  39  9:07  Zealot  
  28  9:30  Zealot  
  24  9:40  Zealot  
Show
View Real Time Build Order
Export as new Build Order

GraVe Protoss 

Build Orders:  

Get SALT Encoding   

  12  0:01  Probe  
  13  0:17  Pylon  
  13  0:18  Probe  
  14  0:35  Probe (Chrono Boost), Gateway  
  15  0:45  Probe (Chrono Boost)  
  16  0:52  Probe  
  16  0:53  Assimilator  
  16  0:55  Assimilator  
  18  1:04  Probe (Chrono Boost)  
  18  1:07  Gateway  
  18  1:16  Probe (Chrono Boost)  
  19  1:23  Probe (Chrono Boost)  
  20  1:26  Cybernetics Core  
  20  1:31  Pylon  
  20  1:35  Probe (Chrono Boost)  
  21  1:46  Probe (Chrono Boost)  
  22  1:52  Probe  
  23  2:02  Adept x2  
  23  2:05  Mothership Core (Chrono Boost)  
  29  2:17  Pylon  
  29  2:22  Warp Gate (Chrono Boost)  
  29  2:34  Stalker  
  29  2:35  Adept  
  33  2:44  Twilight Council  
  33  2:46  Probe  
  34  2:53  Pylon  
  34  2:58  Probe  
  35  3:23  Nexus  
  35  3:43  Gateway  
  35  3:47  Gateway  
  35  4:02  Shield Upgrade (Chrono Boost)  
  35  4:06  Pylon  
  35  4:17  Adept x2  
  39  4:27  Pylon  
  39  4:39  Adept x2  
  39  4:40  Adept  
  41  4:50  Adept  
  37  5:04  Stalker x3  
  37  5:06  Blink (Chrono Boost)  
  43  5:12  Stalker  
  43  5:25  Pylon  
  43  5:33  Pylon  
  43  5:34  Sentry  
  43  5:51  Nexus  
  43  5:56  Stalker x2  
  47  6:03  Stalker  
  49  6:08  Stalker  
  51  6:20  Pylon  
  51  6:45  Pylon  
  51  6:49  Stalker x4  
  59  7:22  Stalker x4  
  59  7:46  Stalker x4  
  59  8:16  Stalker x2  
  59  8:17  Stalker  

Tags
 
Add a new tag
Caveats
  • Supply blocks, unpowered buildings, or Contaminate may cause inaccurate times.
  • Supply counts are checked every 10 seconds.